 Dungeon Crawl Stone Soup version 0.18-a0-1570-gf60b0ab (webtiles) character file.

58646 angel3174 the Fighter (level 14, -3/141 HPs)
             Began as a Gargoyle Berserker on Mar 13, 2016.
             Was a High Priest of Trog.
             Slain by a balrug
             ... wielding a +1 demon whip of electrocution
              (13 damage)
             ... on level 3 of the Abyss on Mar 14, 2016.
             The game lasted 02:59:55 (22215 turns).

angel3174 the Fighter (Gargoyle Berserker)         Turns: 22215, Time: 02:59:55

Health: -3/141     AC: 32    Str: 26    XL:     14   Next: 91%
Magic:  0/16       EV:  2    Int:  6    God:    Trog [*****.]
Gold:   1094       SH:  0    Dex: 18    Spells: 0 memorised, 13 levels left

rFire  . . .     SeeInvis .     e - +1 quarterstaff (protect)
rCold  . . .     Gourm    .     (armour currently unavailable)
rNeg   + + +     Faith    .     (shield currently unavailable)
rPois  ∞         Spirit   +     (helmet currently unavailable)
rElec  .         Dismiss  .     (cloak currently unavailable)
rCorr  .         Reflect  .     (gloves currently unavailable)
SustAt .         Harm     .     (boots currently unavailable)
MR     +....     NoTele   +     b - amulet of guardian spirit
Stlth  +++.......               U - +1 ring of evasion
                                k - +4 ring of dexterity

@: agile, tree-form, drained, somewhat resistant to hostile enchantments, fairly
stealthy
A: (big wings), dopey 1, negative energy resistance 1, (electricity resistance),
(unbreathing), petrification resistance, rot immunity, AC +9
a: Berserk, Trog's Hand, Brothers in Arms, Burn Spellbooks, Renounce Religion


You were on level 3 of the Abyss.
You worshipped Trog.
Trog was extremely pleased with you.
You were not hungry.
You were a tree.
You visited 2 branches of the dungeon, and saw 20 of its levels.
You visited the Abyss 1 time.
You also visited: Volcano.

You collected 1094 gold pieces.

Inventory:

Hand Weapons
 e - a +1 quarterstaff of protection (weapon)
 W - a +2 morningstar of protection
Missiles
 a - 9 javelins of returning (quivered)
 n - 5 silver tomahawks
 z - 2 needles of paralysis
 A - 2 poisoned javelins
 I - 6 javelins
 J - 5 silver javelins
Armour
 f - the +0 pair of boots of Disaster (melded) {Str+3}
   (You found it on level 5 of the Lair of Beasts)

   It affects your strength (+3).
 q - a +1 helmet (melded)
 v - a +2 pair of gloves of fire resistance (melded)
 K - a +0 cloak (melded)
 R - a +1 plate armour of fire resistance (melded)
 S - a +0 pair of boots of stealth
Jewellery
 b - an amulet of guardian spirit (around neck)
 k - a +4 ring of dexterity (left branch)
 p - an uncursed ring of protection from cold
 U - a +1 ring of evasion (right branch)
Wands
 l - a wand of acid (7/15)
 m - a wand of confusion (5/48)
 r - a wand of disintegration (11/24)
 s - a wand of flame (28/48)
 t - a wand of lightning (8/15)
 u - a wand of enslavement (22/24)
 C - a wand of slowing (38/48)
 G - a wand of lightning (12/15)
 M - a wand of polymorph (17/24)
 N - a wand of iceblast (0/15)
 Q - a wand of random effects (19/48)
Scrolls
 d - 9 scrolls of fear
 x - a scroll of fog
 D - 7 scrolls of teleportation
 V - a scroll of remove curse
Potions
 g - 4 potions of curing
 o - 3 potions of haste
 O - 4 potions of lignification
Books
 w - a book of Frost

   Spells                             Type                      Level
   a - Freeze                         Ice                          1
   b - Throw Frost                    Conjuration/Ice              2
   c - Ozocubu's Armour               Charms/Ice                   3
   d - Throw Icicle                   Conjuration/Ice              4
   e - Summon Ice Beast               Ice/Summoning                4
   Trog disapproves of the use of such an item.
Miscellaneous
 c - an ornate deck of defence {drawn: 4}
 j - a plain deck of wonders
 H - a lamp of fire
Comestibles
 i - 2 bread rations
 B - 3 fruits
 F - 4 meat rations
 L - a slice of pizza
 Z - 3 beef jerkies


   Skills:
 * Level 13.3(12.7) Fighting
 - Level 12.8(12.7) Maces & Flails
 * Level 7.0(10.2) Staves
 * Level 7.7(7.1) Throwing
 * Level 11.3(10.7) Armour
 * Level 10.1(9.5) Dodging
 + Level 3.5(2.9) Evocations


You had 13 spell levels left.
You didn't know any spells.

Dungeon Overview and Level Annotations

Branches:
Dungeon (12/15)            Temple (0/1) D:6            Lair (8/8) D:9
  Swamp (0/4) Lair:5        Snake (0/4) Lair:3        Slime (0/6) Lair:6
    Orc (0/2) D:9

Altars:
Cheibriados
Dithmenos
Elyvilon
Fedhas
Makhleb
Okawaru
Pakellas
Qazlal
Sif Muna
Trog
Vehumet
Xom
Yredelemnul
Zin
The Shining One


Innate Abilities, Weirdness & Mutations

You are resistant to torment.
((Your stone body is resilient (AC +9).))
You are immune to poison.
((Your large and strong wings let you fly indefinitely.))
You resist negative energy.
((You are resistant to electric shocks.))
((You can survive without breathing.))
You are immune to petrification.
You are immune to rotting.
You are dopey. (Int -2)


Message History

The raiju completely misses you.
The raiju bursts into living lightning!
The living lightning misses you.
The raiju blinks!
You turn into a tree.
Your +0 cloak melds into your body.
Your +1 helmet melds into your body.
Your +2 pair of gloves of fire resistance melds into your body.
The +0 pair of boots of Disaster {Str+3} melds into your body.
Your +1 plate armour of fire resistance melds into your body.
You feel less resistant to fire. x2; Your roots penetrate the ground.
You feel strangely stable. The small abomination hits you!
* * * LOW HITPOINT WARNING * * *
The raiju bites you but does no damage.
The raiju bursts into living lightning!
Helpless, you fail to dodge the living lightning.
* * * LOW HITPOINT WARNING * * *
The raiju blinks!
The balrug hits you with a demon whip of electrocution.
* * * LOW HITPOINT WARNING * * *
You are engulfed in flames!
You die...

.###..........###
#.#............. #
#...............#
##...............# .
#.................
..####.h#3...........
.....§§§......... ..
#.h..§hx............
#h..§§♣2..#...... ..
.....§§§§.........§..
....#§§§§§..........
... #........... ..
#. ..........##..
###....##### ####.#
..


You could see a balrug, a smoke demon, 2 raiju and a small abomination.

Vanquished Creatures
  A tentacled starspawn (Abyss:3)
  Josephine (Lair:6)
  2 hydras
  A queen ant (Lair:3)
  A thrashing horror (Abyss:3)
  A wretched star (Abyss:3)
  4 skeletal warriors
  The ghost of M4edhros the Nimble, a novice OpCK of Xom (D:10)
  Pikel (D:4)
  A necromancer (D:11)
  5 hill giants
  2 deep elf magi (Volcano)
  2 ugly things (D:12)
  A griffon (Lair:4)
  12 elephants
  Maurice (D:10)
  5 black mambas
  A smoke demon (Abyss:3)
  4 rime drakes
  A gargoyle (D:9)
  12 spiny frogs
  A kobold demonologist (D:12)
  5 komodo dragons
  A hellwing (Abyss:3)
  A large abomination (Abyss:3)
  16 blink frogs
  2 flying skulls (D:11)
  5 wraiths
  Sigmund (D:6)
  A shadow (D:11)
  Eustachio (D:4)
  A wyvern (Lair:6)
  36 yaks
  2 hogs (Volcano)
  6 basilisks
  3 hungry ghosts
  8 hippogriffs
  4 nagas (Lair:3)
  A hell hound (Volcano)
  32 water moccasins
  8 porcupines
  5 soldier ants (Lair:3)
  4 ice beasts
  2 sky beasts
  8 orc warriors
  2 black bears
  5 necrophages
  8 ogres
  3 wolves (Lair:7)
  4 centaurs
  7 crocodiles
  18 giant frogs
  A big kobold (D:11)
  A wyvern zombie (D:9)
  A water moccasin zombie (D:10)
  2 water moccasin skeletons (D:11)
  9 killer bees
  A scorpion (D:4)
  13 wights
  5 howler monkeys
  3 electric eels
  7 centaur zombies
  9 crimson imps
  A quasit (D:12)
  5 giant frog zombies
  5 hounds
  6 centaur skeletons
  18 orc priests
  4 giant frog skeletons (D:11)
  4 jellies
  16 orc wizards
  An iron imp (D:5)
  8 iguanas
  12 worker ants
  Natasha (thrice) (D:2)
  A killer bee zombie (D:10)
  15 sheep
  2 hound zombies
  3 hound skeletons
  A worker ant zombie (D:11)
  A gnoll (D:7)
  28 adders
  54 river rats
  5 shadow imps
  4 oozes
  2 adder zombies
  A worm (D:3)
  A dart slug (D:2)
  4 giant geckos
  56 orcs
  2 ball pythons
  10 giant cockroaches
  14 hobgoblins
  7 jackals
  6 kobolds
  9 quokkas
  5 bats
  A giant gecko skeleton (D:4)
  4 giant newts
  15 goblins
  2 goblin skeletons (D:5)
  2 hobgoblin zombies (D:5)
  2 kobold zombies (D:5)
  3 orc zombies (D:5)
  10 rats
  A butterfly (Lair:4)
  A fungus (Lair:3)
  A lurking horror (Abyss:3)
  A plant (Lair:3)
  2 starspawn tentacles (Abyss:3)
  A starspawn tentacle segment (Abyss:3)
673 creatures vanquished.

Vanquished Creatures (collateral kills)
  A crocodile (Lair:3)
  3 river rats (Lair:3)
  An orc (D:11)
5 creatures vanquished.

Vanquished Creatures (others)
  An elephant (Lair:8)
  A komodo dragon (Lair:8)
  A raiju (Abyss:3)
  An orc warrior (Volcano)
  A crocodile (Lair:8)
  A giant frog (D:11)
  A worker ant (D:6)
  5 sheep (D:8)
  A river rat (Lair:7)
  A giant gecko (D:4)
  A kobold (D:11)
  5 fungi
  4 plants
  5 starspawn tentacles (Abyss:3)
  29 starspawn tentacle segments (Abyss:3)
58 creatures vanquished.

Grand Total: 736 creatures vanquished

Notes
Turn   | Place    | Note
--------------------------------------------------------------
     0 | D:1      | angel3174 the Gargoyle Berserker began the quest for the Orb.
     0 | D:1      | Reached XP level 1. HP: 14/14 MP: 1/1
   304 | D:1      | Reached XP level 2. HP: 19/19 MP: 2/2
   486 | D:1      | Reached ** piety under Trog
   677 | D:1      | Reached XP level 3. HP: 24/24 MP: 3/3
  1046 | D:2      | Noticed Natasha
  1057 | D:2      | Killed Natasha
  1057 | D:2      | Reached skill level 4 in Fighting
  1160 | D:2      | Reached XP level 4. HP: 29/29 MP: 4/4
  1276 | D:2      | Noticed Natasha
  1285 | D:2      | Killed Natasha
  1427 | D:2      | Found a white marble altar of Elyvilon.
  1498 | D:2      | Noticed Natasha
  1501 | D:2      | Killed Natasha
  1501 | D:2      | Reached XP level 5. HP: 33/33 MP: 5/5
  1564 | D:2      | Found a deep blue altar of Sif Muna.
  2037 | D:3      | Found an oddly glowing altar of Pakellas.
  2258 | D:3      | Reached XP level 6. HP: 37/39 MP: 6/6
  2669 | D:3      | Upgraded the game from 0.18-a0-1562-gac8da35 to 0.18-a0-1570-gf60b0ab
  2809 | D:4      | Reached skill level 5 in Maces & Flails
  3091 | D:4      | Reached XP level 7. HP: 41/44 MP: 7/7
  3147 | D:4      | Noticed Eustachio
  3178 | D:4      | Killed Eustachio
  3178 | D:4      | Reached skill level 5 in Fighting
  3230 | D:4      | Noticed Pikel
  3255 | D:4      | Killed Pikel
  3255 | D:4      | Reached skill level 1 in Throwing
  3255 | D:4      | Reached XP level 8. HP: 51/51 MP: 8/8
  3334 | D:4      | Reached skill level 5 in Armour
  3653 | D:4      | You fall through a shaft for 2 floors!
  3691 | D:6      | Reached skill level 6 in Fighting
  4140 | D:6      | Reached *** piety under Trog
  4252 | D:6      | Noticed Sigmund
  4285 | D:6      | Killed Sigmund
  4285 | D:6      | Reached XP level 9. HP: 52/56 MP: 9/9
  4303 | D:6      | Found a staircase to the Ecumenical Temple.
  4612 | D:5      | Entered Level 5 of the Dungeon
  4617 | D:5      | Found a glowing golden altar of the Shining One.
  4793 | D:5      | Found an iron altar of Okawaru.
  4835 | D:5      | Reached skill level 7 in Fighting
  6054 | D:7      | Found a radiant altar of Vehumet.
  6633 | D:7      | Found a blossoming altar of Fedhas.
  6698 | D:7      | Reached skill level 9 in Fighting
  6698 | D:7      | Reached XP level 10. HP: 62/66 MP: 9/12
  7030 | D:7      | Reached **** piety under Trog
  7030 | D:7      | Reached XP level 11. HP: 71/71 MP: 13/13
  7278 | D:7      | Found a snail-covered altar of Cheibriados.
  8154 | D:8      | Found a shimmering altar of Xom.
  8435 | D:8      | Found a shadowy altar of Dithmenos.
  8452 | D:8      | Found a burning altar of Makhleb.
  8477 | D:8      | Gained mutation: Your muscles are strong. (Str +2) [mutagenic meat]
  8478 | D:8      | Gained mutation: Your natural rate of healing is unusually fast. [mutagenic meat]
  8675 | D:8      | Found a stormy altar of Qazlal.
  8748 | D:9      | Found a basalt altar of Yredelemnul.
  8748 | D:9      | Noticed a profane servitor
  8786 | D:9      | Found a staircase to the Orcish Mines.
  8869 | D:9      | Found a staircase to the Lair.
  8979 | D:9      | Found a glowing golden altar of the Shining One.
  8981 | D:9      | Noticed an angel
  9387 | D:9      | Found a glowing silver altar of Zin.
  9387 | D:9      | Found a snail-covered altar of Cheibriados.
  9387 | D:9      | Found a bloodstained altar of Trog.
  9650 | D:10     | Entered Level 10 of the Dungeon
  9743 | D:10     | Noticed M4edhros's ghost (novice OpCK)
  9767 | D:10     | Killed M4edhros's ghost
  9767 | D:10     | Reached skill level 10 in Fighting
  9856 | D:10     | Noticed a hill giant
  9890 | D:10     | Killed a hill giant
  9890 | D:10     | Reached skill level 5 in Throwing
 10150 | D:10     | Noticed a hill giant
 10161 | D:10     | Killed a hill giant
 10187 | D:10     | Received a gift from Trog
 10251 | D:10     | Identified a scroll of acquirement
 10406 | D:10     | Noticed a hill giant
 10433 | D:10     | Killed a hill giant
 10441 | D:10     | Lost mutation: Your natural rate of healing is unusually fast. [mutagenic meat]
 10442 | D:10     | Lost mutation: Your muscles are strong. (Str +2) [mutagenic meat]
 10445 | D:10     | Gained mutation: You are partially covered in rough black scales (AC +4, Dex -1). [mutagenic meat]
 10446 | D:10     | Gained mutation: You occasionally shout uncontrollably at your foes. [mutagenic meat]
 10447 | D:10     | Lost mutation: You occasionally shout uncontrollably at your foes. [potion of cure mutation]
 10447 | D:10     | Lost mutation: You are partially covered in rough black scales (AC +4, Dex -1). [potion of cure mutation]
 10448 | D:10     | Gained mutation: Scrolls take you a little longer to read. [mutagenic meat]
 10449 | D:10     | Lost mutation: Scrolls take you a little longer to read. [potion of cure mutation]
 10453 | D:10     | Noticed Maurice
 10487 | D:10     | Killed Maurice
 10487 | D:10     | Reached XP level 12. HP: 64/78 MP: 14/14
 10516 | D:10     | Gained mutation: Your flesh is cold resistant. [potion of mutation]
 10516 | D:10     | Gained mutation: You are clumsy. (Dex -2) [potion of mutation]
 10516 | D:10     | Gained mutation: You are very clumsy. (Dex -4) [potion of mutation]
 10517 | D:10     | Gained mutation: You have sharp toenails. [potion of mutation]
 10991 | D:11     | Reached skill level 10 in Maces & Flails
 11273 | D:11     | Received a gift from Trog
 11861 | D:12     | Reached skill level 11 in Fighting
 12836 | Lair:1   | Entered Level 1 of the Lair of Beasts
 12872 | Lair:1   | Reached XP level 13. HP: 84/84 MP: 10/15
 12877 | Lair:1   | Reached skill level 10 in Armour
 13266 | Lair:1   | Reached ***** piety under Trog
 13936 | Lair:2   | Received a gift from Trog
 14375 | Lair:2   | Received a gift from Trog
 15412 | Lair:3   | Reached skill level 12 in Fighting
 15446 | Lair:3   | Found a staircase to the Snake Pit.
 15595 | Lair:3   | Received a gift from Trog
 16479 | Lair:3   | Received a gift from Trog
 16866 | Lair:4   | Found a dark tunnel.
 16877 | Volcano  | Entered a volcano
 18054 | Lair:5   | Found a staircase to the Swamp.
 18215 | Lair:5   | Got a pair of slimy boots
 18234 | Lair:5   | Gained mutation: Your large and strong wings let you fly indefinitely. [Gargoyle growth]
 18234 | Lair:5   | Reached XP level 14. HP: 83/92 MP: 12/16
 18436 | Lair:5   | Identified the cursed +0 pair of boots of Disaster {Str+3} (You found it on level 5 of the Lair of Beasts)
 18513 | Lair:5   | Received a gift from Trog
 18616 | Lair:5   | Gained mutation: Your muscles are strong. (Str +2) [potion of mutation]
 18616 | Lair:5   | Gained mutation: You are resistant to hostile enchantments. [potion of mutation]
 18616 | Lair:5   | Gained mutation: You are dopey. (Int -2) [potion of mutation]
 18651 | Lair:5   | Got a transparent dagger
 19140 | Lair:5   | Received a gift from Trog
 19341 | Lair:6   | Found a staircase to the Slime Pits.
 19488 | Lair:6   | Lost mutation: You are very clumsy. (Dex -4) [potion of cure mutation]
 19488 | Lair:6   | Lost mutation: Your flesh is cold resistant. [potion of cure mutation]
 19488 | Lair:6   | Lost mutation: Your muscles are strong. (Str +2) [potion of cure mutation]
 19488 | Lair:6   | Lost mutation: You are resistant to hostile enchantments. [potion of cure mutation]
 19488 | Lair:6   | Lost mutation: You are clumsy. (Dex -2) [potion of cure mutation]
 19488 | Lair:6   | Lost mutation: You have sharp toenails. [potion of cure mutation]
 19526 | Lair:6   | Received a gift from Trog
 19793 | Lair:6   | Noticed Josephine
 19817 | Lair:6   | Killed Josephine
 19880 | Lair:6   | Reached skill level 5 in Staves
 19919 | Lair:6   | Reached skill level 10 in Dodging
 20105 | Lair:6   | Reached ****** piety under Trog
 20773 | Lair:7   | Reached skill level 13 in Fighting
 21042 | Lair:7   | Received a gift from Trog
 21505 | Lair:8   | Entered Level 8 of the Lair of Beasts
 21658 | Lair:8   | Cast into level 3 of the Abyss (a distortion unwield)
 21864 | Abyss:3  | Noticed a tentacled starspawn
 21878 | Abyss:3  | Killed a tentacled starspawn
 21891 | Abyss:3  | Noticed a kraken
 22027 | Abyss:3  | Noticed a shadow dragon
 22029 | Abyss:3  | Found a corrupted altar of Lugonu.
 22093 | Abyss:3  | Noticed a tentacled starspawn
 22175 | Abyss:3  | Noticed a balrug
 22215 | Abyss:3  | Slain by a balrug

Vault maps used:
D:1:      matt_arrival_spirals, minmay_close_crescents
D:2:      elyvilon_altar_3, lemuel_blue_sif_altar, uniq_crazy_yiuf_cottage,
          uniq_natasha
D:3:      marbit_many_paths, first_bread
D:4:      uniq_pikel, uniq_eustachio
D:5:      okawaru_gym_becter, serial_park_tiny_pond,
          nicolae_tso_besieged_by_evil
D:6:      lemuel_temple_firewalk_marked, serial_glass, glass_columns_b,
          glass_columns_a, uniq_sigmund
D:7:      lemuel_crystal_altar, kennysheep_mini_moat, cheibriados_altar_wand_db
D:8:      nicolae_dithmenos_through_a_glass_darkly, kb_xom_exploding_sheep,
          kennysheep_little_box, bloody_makhleb
D:9:      grunt_temple_overflow_holy_war, gammafunk_temple_overflow_claw,
          lair_0_dummy, david_orc_3
D:10:     uniq_maurice
D:11:     hangedman_screamer
Lair:2:   grunt_megastairs_3
Lair:3:   guppyfry_snake_entry_garden, wad_woods_antlair
Lair:4:   enter_volcano_2, grunt_megastairs_4, lemuel_fruit_fields,
          lemuel_fruit_tree
Lair:5:   lemuel_reptile_caves, swamp_mist_pool, serial_bayou_shore_b,
          infiniplex_staircase_pool
Lair:6:   nicolae_slime_entry_slimehenge, grunt_megastairs_5,
          serial_bayou_shore_a, infiniplex_staircase_pool_2, uniq_josephine
Lair:8:   grunt_lair_end_beastmaster, nicolae_lair_grove_arrangements
Abyss:3:  evilmike_abyss_exit_11, hangedman_shadowy_showcase
Volcano:  volcano_village

Skill      XL: |  1  2  3  4  5  6  7  8  9 10 11 12 13 14 |
---------------+-------------------------------------------+-----
Fighting       | 4 5 6 9 10 11 12 13 | 13.3
Dodging        | 2 3 4 6 7 8 9 10 | 10.1
Maces & Flails | 4 5 6 7 8 9 11 12 | 12.8
Armour         | 3 4 5 8 9 10 11 | 11.3
Throwing       | 1 4 5 6 7 |  7.7
Staves         | 4 7 |  7.0
Evocations     | 2 3 |  3.5

Action                   |  1- 3 |  4- 6 |  7- 9 | 10-12 | 13-15 || total
-------------------------+-------+-------+-------+-------+-------++-------
Melee: Mace              |   104 |   268 |   428 |    98 |       ||   898
       Lajatang          |       |       |       |   157 |       ||   157
       Dire flail        |       |       |       |   673 |       ||   673
       Morningstar       |       |       |       |    19 |   885 ||   904
       Quarterstaff      |       |       |       |       |   498 ||   498
Throw: Tomahawk          |       |    17 |    61 |    92 |    47 ||   217
       Javelin           |       |       |    10 |    29 |    21 ||    60
Invok: Berserk           |     2 |     5 |     7 |     7 |     6 ||    27
       Trog's Hand       |     1 |     4 |     4 |     6 |     9 ||    24
       Burn Spellbooks   |       |       |       |       |     4 ||     4
 Abil: Fly               |       |       |       |       |     1 ||     1
       Stop Flying       |       |       |       |       |     1 ||     1
Evoke: Wand              |       |       |     2 |    23 |    27 ||    52
       Lamp of fire      |       |       |       |       |     1 ||     1
       Deck              |       |       |       |       |     4 ||     4
  Use: Scroll            |     3 |    10 |     4 |    20 |    22 ||    59
       Potion            |       |       |     4 |     8 |     9 ||    21
 Stab: Distracted        |       |       |       |     1 |     1 ||     2
       Sleeping          |       |       |       |     2 |     4 ||     6
  Eat: Chunk             |     3 |     2 |    15 |    26 |     5 ||    51
       Bread ration      |       |     3 |     2 |     2 |     4 ||    11
       Meat ration       |       |       |     1 |     2 |       ||     3
       Pizza             |       |       |     1 |       |     2 ||     3
       Fruit             |       |       |       |     6 |    13 ||    19
       Beef jerky        |       |       |       |     1 |       ||     1
       Royal jelly       |       |       |       |       |     1 ||     1
